 Dungeon Crawl Stone Soup version 0.26.1-11-gd32895ea62 (webtiles) character file.

Game seed: 11685427722249308212

13311 hawla the Destroyer (level 11, -8/133 HPs)
             Began as a Black Draconian Conjurer on July 3, 2021.
             Was a Priest of Vehumet.
             Mangled by a two-headed ogre
             ... wielding a +0 giant spiked club
              (26 damage)
             ... on level 12 of the Dungeon on July 4, 2021.
             The game lasted 00:45:15 (15939 turns).

hawla the Destroyer (Black Draconian Conjurer)     Turns: 15939, Time: 00:45:16

Health: -8/133     AC: 25    Str: 16    XL:     11   Next: 73%
Magic:  0/23       EV:  2    Int: 22    God:    Vehumet [***...]
Gold:   655        SH:  0    Dex:  9    Spells: 14/26 levels left

rFire    . . .     SeeInvis .   m - +0 quarterstaff
rCold    . . .     Faith    .   (shield currently unavailable)
rNeg     + + +     Spirit   .   (armour unavailable)
rPois    +         Reflect  .   (helmet currently unavailable)
rElec    .         Harm     .   (cloak currently unavailable)
rCorr    .         Rampage  .   (gloves currently unavailable)
Will     .....     NoTele   +   (boots currently unavailable)
Stlth    +++.......             n - amulet of regeneration
HPRegen  0.72/turn              f - ring of positive energy
MPRegen  0.18/turn              p - +6 ring of strength

@: tree-form, very slightly contaminated, hasted, invisible, very quick
A: (breathe lightning), unfitting armour, mutation resistance 1, sense
surroundings 1, AC +7
a: Renounce Religion


You were on level 12 of the Dungeon.
You worshipped Vehumet.
Vehumet was most pleased with you.
You were a tree.
You visited 2 branches of the dungeon, and saw 13 of its levels.

You collected 655 gold pieces.

Inventory:

Hand Weapons
 m - a +0 quarterstaff (weapon)
Missiles
 a - 4 javelins
 d - 51 poisoned darts (quivered)
 k - 8 datura-tipped darts
Armour
 b - a +2 hat (melded)
 e - a +2 cloak (melded)
 v - a +0 pair of boots (melded)
Jewellery
 f - a ring of positive energy (left branch)
 n - an amulet of regeneration (around neck)
 p - a +6 ring of strength (right branch)
 y - an uncursed ring of flight {unknown}
Wands
 u - a wand of flame (48)
 w - a wand of random effects (16)
 x - a wand of acid (3)
Scrolls
 i - 6 scrolls of remove curse
 q - a scroll of teleportation
 r - a scroll of identify
 s - a scroll of holy word {unknown}
Potions
 h - 3 potions of brilliance
 j - 2 potions of resistance
 l - 4 potions of curing
 t - a potion of invisibility
 z - a potion of flight {unknown}


   Skills:
 + Level 5.8 Fighting
 - Level 6.3 Staves
 + Level 1.3 Throwing
 + Level 6.2 Dodging
 + Level 5.7 Stealth
 + Level 8.1 Spellcasting
 + Level 9.3 Conjurations
 + Level 4.1 Necromancy
 + Level 7.3 Translocations
 + Level 1.1 Evocations


You had 14 spell levels left.
You knew the following spells:

 Your Spells              Type           Power        Failure   Level
a - Magic Dart            Conj           100%         1%          1
b - Searing Ray           Conj           100%         1%          2
c - Iskenderun's Mystic   Conj/Tloc      45%          1%          4
d - Vampiric Draining     Necr           13%          4%          3
e - Blink                 Tloc           N/A          1%          2

Your spell library contained the following spells:

 Spells                   Type           Power        Failure   Level
 Stone Arrow              Conj/Erth      58%          1%          3
 Animate Skeleton         Necr           54%          1%          1
 Pain                     Necr           100%         1%          1
 Conjure Flame            Conj/Fire      29%          1%          3
 Dazzling Flash           Conj/Hex       58%          1%          3
 Mephitic Cloud           Conj/Pois/Air  22%          1%          3
 Fulminant Prism          Conj/Hex       14%          3%          4
 Hailstorm                Conj/Ice       29%          3%          4
 Summon Small Mammal      Summ           32%          8%          1
 Call Imp                 Summ           8%           11%         2
 Slow                     Hex            8%           11%         2
 Animate Dead             Necr           13%          14%         4
 Call Canine Familiar     Summ           8%           22%         3
 Summon Guardian Golem    Hex/Summ       8%           22%         3
 Agony                    Necr           27%          36%         5
 Summon Ice Beast         Ice/Summ       8%           58%         4
 Summon Lightning Spire   Summ/Air       8%           58%         4
 Borgnjor's Vile Clutch   Necr/Erth      9%           65%         5
 Death Channel            Necr           13%          91%         6
 Simulacrum               Ice/Necr       9%           99%         6


Dungeon Overview and Level Annotations

Branches:
Dungeon (12/15)            Temple (1/1) D:4             Orc (0/2) D:9
   Lair: D:8-11

Altars:
Ashenzari
Cheibriados
Dithmenos
Elyvilon
Fedhas
Gozag
Hepliaklqana
Kikubaaqudgha
Makhleb
Nemelex Xobeh
Okawaru
Qazlal
Ru
Sif Muna
Trog
Uskayaw
Vehumet
Wu Jian
Xom
Yredelemnul
Zin
The Shining One

Shops:
D:8 }   D:9 (   D:10 [::*:

Annotations:
D:5 2 transporters


Innate Abilities, Weirdness & Mutations

((You can breathe wild blasts of lightning.))
((Your glossy black scales are hard. (AC +7)))
You cannot fit into any form of body armour.
((You are resistant to electric shocks. (rElec)))
((You are cold-blooded and may be slowed by cold attacks.))
You are somewhat resistant to further mutation.
You passively map a small area around you.


Message History

* * * LOW HITPOINT WARNING * * *
The two-headed ogre hits you with a +0 giant club!
* * * LOW HITPOINT WARNING * * *
You feel better.
You fade into invisibility!
The two-headed ogre hits you with a +0 giant spiked club!
* * * LOW HITPOINT WARNING * * *
The two-headed ogre hits you but does no damage.
You are very lightly contaminated with residual magic.
Casting: Magic Dart (safe; 1% risk of failure)
Confirm with . or Enter, or press ? or * to list all spells.
Aiming: Searing Ray (safe; 1% risk of failure)
Press: ? - help, Shift-Dir - straight line, f/p - two-headed ogre
Aim: a two-headed ogre, wielding a +0 giant spiked club and a +0 giant club (severely wounded, covered in acid, 8% to evade)
The searing ray hits the two-headed ogre!
The two-headed ogre is almost dead. (Press . to maintain the ray.)
The searing ray misses the two-headed ogre.
The two-headed ogre hits you with a +0 giant spiked club!!
You die...

* * , ,, * , ,
, * , , * * *,
*## *, * ,
*#.###.# * * ,
,*,, #...♣# *
......O)....#
, *
......#..##.#*
......#... ,
.....,#.### *
....# #.#** ,
.... ,... ,,
#.., ..# * *


You could see a two-headed ogre (corroded).

Vanquished Creatures
  Josephine (D:10)
  A hydra (D:11)
  A centaur warrior (D:11)
  An unseen horror (D:10)
  Pikel (D:5)
  2 ugly things (D:10)
  4 centaur zombies (D:10)
  Maggie (D:7)
  A komodo dragon (D:8)
  2 trolls
  A hornet (D:10)
  A slime creature (D:10)
  3 wraiths (D:10)
  6 yaks
  A ynoxinul (D:9)
  3 wyverns
  A basilisk (D:11)
  A water moccasin (D:11)
  3 sky beasts
  A black bear (D:10)
  3 orc warriors
  An ice beast (D:8)
  A phantom (D:5)
  4 ogres
  4 necrophages
  2 centaurs
  Blork the orc (D:6)
  A big kobold (D:11)
  7 bullfrogs
  A gnoll sergeant (D:11)
  A wyvern zombie (D:9)
  4 scorpions
  4 killer bees (D:11)
  A wight (D:10)
  6 howler monkeys
  4 jellies
  3 quasits
  A bullfrog zombie (D:10)
  5 hounds
  6 orc priests
  2 bullfrog skeletons
  4 iguanas
  Jessica (D:2)
  2 centaur skeletons
  Terence (D:2)
  Natasha (twice) (D:2)
  9 orc wizards
  8 worker ants
  A hound skeleton (D:6)
  A howler monkey zombie (D:10)
  A worker ant zombie (D:8)
  8 gnolls
  9 adders
  A shadow imp (D:5)
  A white imp (D:5)
  2 ufetubi
  3 oozes
  2 adder skeletons
  5 worms
  3 dart slugs
  9 leopard geckos
  33 orcs
  6 giant cockroaches
  6 goblins
  9 hobgoblins
  3 jackals (D:1)
  12 kobolds
  3 quokkas
  4 ball pythons
  A bat (D:3)
  5 frilled lizards
  12 rats
265 creatures vanquished.

Vanquished Creatures (others)
  A shadow imp (D:10)
  7 fungi (D:11)
  32 plants
  4 withered plants (D:10)
44 creatures vanquished.

Grand Total: 309 creatures vanquished

Notes
Turn   | Place    | Note
-------+----------+-------------------------------------------
     0 | D:1      | hawla the Draconian Conjurer began the quest for the Orb.
     0 | D:1      | Reached XP level 1. HP: 14/14 MP: 3/3
   268 | D:1      | Reached XP level 2. HP: 4/22 MP: 0/5
   271 | D:1      | Learned a level 2 spell: Searing Ray
   552 | D:1      | Reached skill level 1 in Fighting
   552 | D:1      | Reached skill level 1 in Translocations
  1016 | D:1      | Reached XP level 3. HP: 27/28 MP: 0/6
  1732 | D:2      | Noticed Jessica
  1737 | D:2      | Killed Jessica
  1738 | D:2      | Reached XP level 4. HP: 35/35 MP: 3/7
  1915 | D:2      | Learned a level 4 spell: Iskenderun's Mystic Blast
  2203 | D:2      | Noticed Terence
  2218 | D:2      | Killed Terence
  2219 | D:2      | Reached skill level 5 in Conjurations
  2656 | D:2      | Noticed Natasha
  2679 | D:2      | Killed Natasha
  2785 | D:2      | Noticed Natasha
  2791 | D:2      | Killed Natasha
  2792 | D:2      | Reached XP level 5. HP: 40/40 MP: 1/8
  3925 | D:3      | Reached XP level 6. HP: 47/47 MP: 4/9
  4294 | D:3      | Reached skill level 6 in Conjurations
  5013 | D:4      | Found a white marble altar of Elyvilon.
  5338 | D:4      | Found an opulent altar of Gozag.
  5338 | D:4      | Found a sparkling altar of Nemelex Xobeh.
  5557 | D:4      | Found a staircase to the Ecumenical Temple.
  5566 | Temple   | Entered the Ecumenical Temple
  6338 | D:5      | Entered Level 5 of the Dungeon
  6347 | D:5      | Gained mutation: You are strong-willed. (Will+) [potion of
                  | mutation]
  6347 | D:5      | Gained mutation: You expend magic power (3 MP) to
                  | strengthen your wands. [potion of mutation]
  6355 | D:5      | Your scales start taking on a glossy black colour.
  6355 | D:5      | Reached XP level 7. HP: 52/52 MP: 0/10
  6355 | D:5      | Gained mutation: You are resistant to electric shocks.
                  | (rElec) [Black Draconian growth]
  6382 | D:5      | Reached skill level 1 in Staves
  6885 | D:4      | Lost mutation: You are strong-willed. (Will+) [potion of
                  | mutation]
  6885 | D:4      | Lost mutation: You expend magic power (3 MP) to strengthen
                  | your wands. [potion of mutation]
  6885 | D:4      | Gained mutation: You are somewhat resistant to further
                  | mutation. [potion of mutation]
  6885 | D:4      | Gained mutation: You passively map a small area around you.
                  | [potion of mutation]
  6988 | D:5      | Found a radiant altar of Vehumet.
  7038 | D:5      | Found a transporter.
  7338 | D:5      | Noticed Pikel
  7353 | D:5      | Killed Pikel
  7354 | D:5      | Reached skill level 7 in Conjurations
  7354 | D:5      | Reached XP level 8. HP: 47/61 MP: 1/12
  8004 | D:5      | Found a transporter.
  8359 | D:5      | Became a worshipper of Vehumet
  8968 | D:6      | Noticed a +0 dagger
  8968 | D:6      | Noticed a +0 hand axe
  8974 | D:6      | Found a hide-covered altar of Uskayaw.
  9399 | D:6      | Reached skill level 1 in Throwing
  9581 | D:6      | Noticed Blork the orc
  9596 | D:6      | Killed Blork the orc
  9758 | D:6      | Found a white marble altar of Elyvilon.
  9762 | D:6      | Found an ancient bone altar of Kikubaaqudgha.
  9765 | D:6      | Found a hazy altar of Hepliaklqana.
  9765 | D:6      | Found a shadowy altar of Dithmenos.
  9769 | D:6      | Found a radiant altar of Vehumet.
 10047 | D:7      | Noticed Maggie
 10061 | D:7      | Killed Maggie
 10062 | D:7      | Reached XP level 9. HP: 35/71 MP: 5/14
 10188 | D:7      | Reached skill level 5 in Staves
 10397 | D:7      | Learned a level 3 spell: Vampiric Draining
 10400 | D:7      | Learned a level 2 spell: Blink
 10789 | D:8      | Found Siameaq's Gadget Shop.
 10847 | D:8      | Reached skill level 5 in Stealth
 11329 | D:8      | Reached * piety under Vehumet
 11329 | D:8      | Offered knowledge of Sandblast by Vehumet.
 12103 | D:8      | Noticed a komodo dragon
 12113 | D:8      | Killed a komodo dragon
 12577 | D:9      | Found a shimmering blue altar of Sif Muna.
 12586 | D:9      | Noticed a troll
 12604 | D:9      | Reached skill level 5 in Spellcasting
 12604 | D:9      | Reached XP level 10. HP: 72/80 MP: 12/17
 12610 | D:9      | Reached skill level 5 in Translocations
 12709 | D:9      | Found a bloodstained altar of Trog.
 12717 | D:9      | Identified Sif Muna's Volume of the Frostbite
 12770 | D:9      | Found Mutuvast's Weapon Boutique.
 12777 | D:9      | Reached ** piety under Vehumet
 12777 | D:9      | Offered knowledge of Foxfire by Vehumet.
 12779 | D:9      | Found a staircase to the Orcish Mines.
 12909 | D:9      | Reached skill level 1 in Necromancy
 12916 | D:9      | Reached skill level 5 in Dodging
 13475 | D:10     | Entered Level 10 of the Dungeon
 13701 | D:10     | Found Coyriho's Book Emporium.
 13701 | D:10     | Found Hesaech's Book Shoppe.
 13826 | D:10     | Noticed Josephine
 13965 | D:10     | Found Ykkep's Demolitions Depot.
 13979 | D:10     | Noticed a purple ugly thing
 13982 | D:10     | Reached skill level 8 in Conjurations
 14099 | D:10     | Offered knowledge of Ignite Poison by Vehumet.
 14107 | D:10     | Killed a purple ugly thing
 14108 | D:10     | Reached skill level 5 in Fighting
 14365 | D:10     | Killed Josephine
 14366 | D:10     | Reached XP level 11. HP: 86/86 MP: 5/21
 14367 | D:10     | Reached *** piety under Vehumet
 14507 | D:10     | Noticed a brown ugly thing
 14517 | D:10     | Killed a brown ugly thing
 14651 | D:10     | Paralysed by a hornet for 2 turns
 14950 | D:10     | Reached skill level 9 in Conjurations
 14985 | D:10     | Found Zen Ihuf's Armour Shop.
 15040 | D:10     | Found Xuxzoken's Book Boutique.
 15063 | D:10     | Killed an unseen horror
 15064 | D:10     | Reached skill level 1 in Evocations
 15171 | D:10     | Noticed an orc knight
 15172 | D:10     | Noticed a two-headed ogre
 15175 | D:10     | Noticed a centaur warrior
 15178 | D:10     | Noticed a glowing shapeshifter
 15178 | D:10     | an elephant changed into a glowing shapeshifter
 15179 | D:10     | a glowing shapeshifter changed into a torpor snail
 15476 | D:11     | Noticed a five-headed hydra
 15487 | D:11     | Killed a five-headed hydra
 15748 | D:11     | Offered knowledge of Stone Arrow by Vehumet.
 15842 | D:11     | Noticed a centaur warrior
 15857 | D:11     | Killed a centaur warrior
 15923 | D:12     | Noticed a two-headed ogre
 15939 | D:12     | Mangled by a two-headed ogre

Illustrated notes

Levels and vault maps discovered:
D:1:      evilmike_arrival_hilbert_curve, layout_loops_cross, minmay_liquid_box
D:2:      layout_basic, uniq_natasha, uniq_jessica, uniq_terence
D:3:      layout_loops_ring, corexii_hall_statues_i
D:4:      layout_basic, grunt_temple_overflow_opulence,
          minmay_temple_entry_statues_fountains, elyvilon_altar_5
D:5:      gammafunk_cloud_chamber, layout_layer_cave, basic_altar, uniq_pikel
D:6:      layout_loops_ring, dancing_weapons_uskayaw, minitemple,
          uniq_blork_the_orc
D:7:      layout_loops_ring, uniq_maggie
D:8:      layout_loops_corners, serial_shops, shop, minmay_lizard_king
D:9:      layout_roguey, nzn_overflow_gifts_of_might_and_magic, orc_david_3
D:10:     minmay_opposing_rooms, layout_loops_ring, serial_shops, shop_statue,
          shop, shop, shop, kennysheep_mini_moat, serial_undead,
          serial_undead_d, serial_undead_d, serial_undead_c, serial_undead_f,
          minmay_misc_feat_tower, nicolae_blasting_shop, grunt_ministairs_6,
          onia_ninara_dug_in_and_dangerous, uniq_josephine
D:11:     layout_basic, minmay_lair_entry_grove, nicolae_gozag_seed_capital
D:12:     layout_loops_cross, guppyfry_shop_blood
Temple:   minmay_temple_bridge_abc

Skill      XL: |  1  2  3  4  5  6  7  8  9 10 11 |
---------------+----------------------------------+-----
Fighting       | 1 2 3 4 5 |  5.8
Translocations | 1 2 3 4 5 7 |  7.3
Conjurations   | 5 6 7 8 9 |  9.3
Dodging        | 2 3 4 5 6 |  6.2
Stealth        | 2 4 5 |  5.7
Staves         | 3 4 6 |  6.3
Spellcasting   | 3 5 7 8 |  8.1
Throwing       | 1 |  1.3
Necromancy     | 3 4 |  4.1
Evocations     | 1 |  1.1

Action                   |  1- 3 |  4- 6 |  7- 9 | 10-12 || total
-------------------------+-------+-------+-------+-------++-------
Melee: Unarmed           |    14 |    31 |       |       ||    45
       Dagger            |       |    47 |       |       ||    47
       Tailslap          |       |     8 |    14 |    16 ||    38
       Quarterstaff      |       |    14 |   216 |   150 ||   380
Throw: Dart              |       |    16 |     5 |     1 ||    22
       Javelin           |       |       |     8 |       ||     8
 Cast: Magic Dart        |    26 |    19 |    20 |    23 ||    88
       Searing Ray       |    13 |    41 |    42 |    35 ||   131
       Iskenderun's Myst |       |     8 |    40 |    60 ||   108
       Vampiric Draining |       |       |     3 |    11 ||    14
       Blink             |       |       |     1 |       ||     1
 Abil: Breathe Lightning |       |       |     4 |       ||     4
Evoke: Wand              |       |       |     5 |    11 ||    16
  Use: Scroll            |     4 |     8 |     6 |     3 ||    21
       Potion            |       |     1 |     4 |     7 ||    12
 Stab: Sleeping          |       |     1 |     8 |       ||     9
       Paralysed         |       |       |     9 |       ||     9
       Distracted        |       |       |       |     2 ||     2
Armor: Skin              |     9 |    56 |   146 |   139 ||   350
Dodge: Dodged            |    15 |    98 |   187 |   168 ||   468
